 Dungeon Crawl Stone Soup version 0.29-a0-857-g9b1aa3ac5b (webtiles) character file.

Game seed: 8105141746601651465

11 nxtlvl the Ducker (level 2, -3/18 HPs)
             Began as a Deep Elf Monk on July 17, 2022.
             Slain by a bullfrog (8 damage)
             ... on level 4 of the Dungeon.
             The game lasted 00:03:13 (451 turns).

nxtlvl the Ducker (Deep Elf Monk)                    Turns: 451, Time: 00:03:14

Health: -3/18      AC:  2    Str:  8    XL:     2   Next: 13%
Magic:  6/13       EV: 13    Int: 14    God:
Gold:   26         SH:  0    Dex: 17    Spells: 1/1 levels left

rFire   . . .      SeeInvis .   a - +0 rapier
rCold   . . .      Faith    .   (no shield)
rNeg    . . .      Spirit   .   k - +0 robe
rPois   .          Reflect  .   (no helmet)
rElec   .          Harm     .   (no cloak)
rCorr   .          Rampage  .   (no gloves)
Will    .....                   (no boots)
Stlth   ++........              (no amulet)
HPRegen 0.06/turn               l - ring of magical power
MPRegen 0.13/turn               (no ring)

@: no status effects
A: no striking features
a: no special abilities


You were on level 4 of the Dungeon.
You visited 1 branch of the dungeon, and saw 4 of its levels.

You collected 26 gold pieces.

Inventory:

Hand Weapons
 a - a +0 rapier (weapon)
 b - a +0 sling
Armour
 k - a +0 robe (worn)
Jewellery
 l - a ring of magical power (left hand)
Wands
 i - a wand of charming (8)
Scrolls
 d - a scroll of enchant weapon {unknown}
 g - 3 scrolls of summoning {unknown}
 j - a scroll of amnesia {unknown}
Potions
 c - 2 potions of ambrosia
 e - a potion of magic {unknown}
 f - 2 potions of attraction {unknown}
 h - a potion of haste {unknown}


   Skills:
 - Level 2.4 Fighting
 * Level 3.6 Short Blades
 - Level 3.6 Dodging
 - Level 2.4 Stealth


You had one spell level left.
You didn't know any spells.
Your spell library was empty.

Dungeon Overview and Level Annotations

Branches:
Dungeon (4/15)
 Temple: D:4-7

Altars:
Qazlal


Message History

There is a stone staircase leading down here.
You open the door.
There is an open door here.
You open the door.
A hobgoblin comes into view.
Found a small copper ring.
There is an open door here.
You shoot a sling bullet. The sling bullet hits the hobgoblin.
The hobgoblin is heavily wounded.
You shoot a sling bullet. The sling bullet hits the hobgoblin.
The hobgoblin is almost dead.
You shoot a sling bullet.
The sling bullet closely misses the hobgoblin.
You shoot a sling bullet. The sling bullet hits the hobgoblin.
You kill the hobgoblin!
l - a ring of magical power You feel your magic capacity increase.
l - a ring of magical power (left hand)
You open the door.
Found a stone staircase leading up.
There is an open door here.
A bullfrog comes into view.
There is an open door here.
You shoot a sling bullet.
The sling bullet hits the bullfrog but does no damage.
The bullfrog croaks.
You shoot a sling bullet. The sling bullet hits the bullfrog.
The bullfrog is lightly wounded.
a - a +0 rapier (weapon)
The bullfrog releases a deep croak.
The bullfrog hits you.
You closely miss the bullfrog.
The bullfrog is lightly wounded.
The bullfrog hits you.
You closely miss the bullfrog.
The bullfrog is lightly wounded.
The bullfrog hits you.
* * * LOW HITPOINT WARNING * * *
The bullfrog hits you!
You die...

#......#<. #......#..
###+### #+###......###
###.....####...#####'#...
#..........#......+..#...
#..........'......#..#...
#########.###....###.#...
#....##'###....###.##..
#.....@...#........># .
#.....F...#.........#
#...###..#####'####.# #.<
#..# #...# ### ... #....
#..... ## #..... #.....#
.#...######### #.....#
##.....


You could see a bullfrog.

Vanquished Creatures
  A dart slug (D:3)
  An endoplasm (D:4)
  2 goblins
  A hobgoblin (D:4)
  A ball python (D:3)
  A bat (D:3)
  A frilled lizard (D:2)
  2 rats (D:3)
10 creatures vanquished.

Notes
Turn   | Place    | Note
-------+----------+-------------------------------------------
     0 | D:1      | nxtlvl the Deep Elf Monk began the quest for the Orb.
     0 | D:1      | Reached XP level 1. HP: 13/13 MP: 3/3
   266 | D:3      | Found a stormy altar of Qazlal.
   270 | D:4      | Noticed a phantom
   357 | D:3      | Reached XP level 2. HP: 18/18 MP: 4/4
   442 | D:4      | Noticed a bullfrog
   451 | D:4      | Slain by a bullfrog

Illustrated notes

Levels and vault maps discovered:
D:1:      dpeg_arrival_fog, layout_rooms
D:2:      layout_loops_ring, kennysheep_nub, uniq_jessica
D:3:      layout_basic, nicolae_qazlal_scattered_showers, serial_bayou,
          serial_bayou_shore_a, serial_bayou_shore_b, serial_bayou_pond_e,
          serial_bayou_pond_a
D:4:      layout_gridville, tso_metal_star, minmay_misc_feat_alley,
          dreamdust_princess_bridge, uniq_pikel

Action                   || total
-------------------------++-------
Melee: Short sword       ||    33
       Rapier            ||     3
       Punch             ||     1
 Fire: Sling             ||     8
 Stab: Sleeping          ||     3
Armor: Robe              ||     4
Dodge: Dodged            ||    25

Table legend: (Time is in decaauts)
 A = Elapsed time spent in this place.
 B = Non-inter-level travel time spent in this place.
 C = Inter-level travel time spent in this place.
 D = Time resting spent in this place.
 E = Time spent auto-exploring this place.
 F = Levels seen in this place.
 G = Mean time per level.
                   A        B        C        D        E       F      G
               +--------+--------+--------+--------+--------+-----+--------+
         Total |    459 |    459 |      0 |      0 |      5 |   4 |  114.8 |
       Dungeon |    459 |    459 |      0 |      0 |      5 |   4 |  114.8 |
               +--------+--------+--------+--------+--------+-----+--------+

Top non-repeatable levels by time:
     D:3: 308 daAuts
     D:2: 77 daAuts
     D:4: 71 daAuts
     D:1: 2 daAuts
